 Dungeon Crawl Stone Soup version 0.31-a0-845-g9abc20d24f (webtiles) character file.

Game seed: 12036427039059776141

3545 Kurtz the Cleaver (level 10, -5/68 HPs)
             Began as an Octopode Fighter on Oct 1, 2023.
             Was an Initiate of Gozag.
             Slain by a death yak (17 damage)
             ... on level 8 of the Dungeon.
             The game lasted 00:13:27 (8550 turns).

Kurtz the Cleaver (Octopode Fighter)                Turns: 8550, Time: 00:13:27

Health: -5/68      AC:  1    Str: 18    XL:     10   Next: 9%
Magic:  3/3        EV: 15    Int: 10    God:    Gozag
Gold:   903        SH:  5    Dex: 14    Spells: 9/9 levels left

rFire   . . .        o - +2 hand axe (antimagic)
rCold   . . .        b - +0 buckler
rNeg    . . .        (helmet currently unavailable)
rPois   .            (no amulet)
rElec   .            x - ring of wizardry
rCorr   .            (no ring)
SInv    .            (no ring)
Will    .....        (no ring)
Stlth   ++           (no ring)
HPRegen 0.31/turn    (no ring)
MPRegen 0.08/turn    (no ring)
                     (no ring)

%: wizardry (x1)
@: about to teleport, beast-form
A: beast (slay +2), almost no armour, amphibious, 8 rings, camouflage 1,
gelatinous body 1, (nimble swimmer 1), tentacles
a: Begin Untransformation, Renounce Religion, Potion Petition, Call Merchant,
Bribe Branch


You were on level 8 of the Dungeon.
You worshipped Gozag.
Gozag was pleased with you.
You were a hulking beast.
You visited 2 branches of the dungeon, and saw 10 of its levels.

You collected 978 gold pieces.
You paid 75 gold pieces to Gozag.

Inventory:

Hand Weapons
 a - a +0 war axe
 n - a +2 mace of protection
 o - a +2 antimagic hand axe (weapon)
 y - a +1 whip of venom
 D - the +5 whip "Qudaun" {drain, Contam rCorr Dex+5}
   (You found it on level 6 of the Dungeon)

   Dex+5:     It affects your dexterity (+5).
   Contam:    It causes magical contamination when unequipped.
   rCorr:     It protects you from acid and corrosion.
Missiles
 F - a poisoned dart (quivered)
Armour
 b - a +0 buckler (worn)
Jewellery
 x - a ring of wizardry (left tentacle)
Talismans
 d - a beast talisman (active)
Wands
 z - a wand of iceblast (1)
 E - a wand of polymorph (13)
Scrolls
 e - a scroll of poison
 h - 3 scrolls of enchant weapon
 i - 2 scrolls of revelation
 k - 4 scrolls of teleportation
 p - a scroll of immolation {unknown}
 q - 2 scrolls of torment {unknown}
 r - a scroll of vulnerability {unknown}
 s - 3 scrolls of fear {unknown}
 v - 2 scrolls of noise {unknown}
 w - a scroll of butterflies {unknown}
 A - a scroll of enchant armour {unknown}
 C - a scroll of silence {unknown}
Potions
 c - a potion of might
 f - 2 potions of degeneration
 j - 4 potions of brilliance
 t - 2 potions of lignification {unknown}
 u - a potion of resistance {unknown}
 B - 3 potions of cancellation {unknown}


   Skills:
 - Level 6.0 Fighting
 * Level 10.1 Axes
 - Level 6.8 Dodging
 * Level 4.9 Shields
 * Level 3.8 Shapeshifting


You had 9 spell levels left.
You didn't know any spells.
Your spell library contained the following spells:

 Spells                   Type           Power      Damage    Failure   Level
 Static Discharge         Conj/Air       0%         2-2/arc   26%         2
 Stone Arrow              Conj/Erth      0%         3d7       45%         3
 Airstrike                Air            0%         2d(0-16)  86%         4
 Summon Lightning Spire   Summ/Air       0%         N/A       86%         4
 Lehudib's Crystal Spear  Conj/Erth      0%         10d2      100%        8
 Animate Armour           Summ/Erth      Unusable   N/A       N/A         4

Dungeon Overview and Level Annotations

Branches:
Dungeon (9/15)             Temple (1/1) D:5            Lair (0/5) D:8
    Orc: D:9-12

Altars:
Ashenzari
Cheibriados
Dithmenos
Elyvilon
Fedhas
Gozag
Kikubaaqudgha
Makhleb
Nemelex Xobeh
Okawaru
Qazlal
Uskayaw
Vehumet
Wu Jian
Xom
Yredelemnul
Zin
The Shining One

Shops:
D:8 [

Annotations:
D:7 exclusion: downstairs, Jeremiah


Innate Abilities, Weirdness & Mutations

You are a hulking beast.
Your limbs bulge with bestial killing power. (Slay +2)
You cannot wear most types of armour.
You are amphibious.
You can wear up to eight rings at the same time.
Your skin changes colour to match your surroundings (Stealth+).
Your rubbery body absorbs attacks. (AC +1, EV +1)
((You are camouflaged when in or above water. (Stealth+)))
You have tentacles for arms and can constrict up to eight enemies at once.


Message History

As you open the door, it creaks loudly!
There is an open door here.
Found a staircase to the Lair.
A death yak and a yak come into view.
The death yak bellows!
The yak bellows!
A yak comes into view.
There are monsters nearby!
The yak moves out of view.
You see here a +0 sling.
There is an open door here.
You close the door.
You don't know any spells.
You don't know any spells.
Unknown command.
You begin transforming.
You continue transforming. x3
You turn into a hulking beast.
You begin untransforming.
You continue untransforming. x3
Your transformation has ended.
You begin transforming.
You continue transforming. x3
You turn into a hulking beast.
As you open the door, it creaks loudly!
The yak bellows!
The death yak bellows!
The death yak snorts and paws the ground.
The yak snorts and paws the ground.
You hit the death yak.
The death yak is lightly wounded.
The death yak gores you!
You hit the death yak.
The death yak is lightly wounded.
The death yak misses you.
You barely miss the death yak.
The death yak is lightly wounded.
The death yak gores you!!
Unknown command.
As you read the scroll of teleportation, it crumbles to dust.
You feel strangely unstable. The death yak gores you!!
* * * LOW HITPOINT WARNING * * *
The death yak attacks as it pursues you!
The death yak gores you!
You die...
Your body crumbles into a pile of gold.

#......####....####.##.
######.# #.##.........
####.####.##########.
#<..)................
####...##.#####......
###..#.## #......
####....####......
#.......>..#......
#h####.##..#.##### #Y#
#.#<..#.# ##'##
#.##.##.###


#YYY# #.........# #.Y.# ####..#.#.# #.).# .......#.# #...# #.###...# # #...# #.#
###.# #...# .# #.. You could see 2 death yaks and 3 yaks.

Vanquished Creatures
  Sigmund (D:3)
  A wyvern (D:8)
  4 yaks (D:8)
  A vampire mosquito (D:8)
  A water moccasin (D:5)
  An orc warrior (D:8)
  A sky beast (D:7)
  An ice beast (D:7)
  2 black bears
  2 phantoms (D:4)
  A scorpion (D:5)
  4 wights (D:7)
  9 killer bees
  3 howler monkeys
  5 orc priests
  A sleepcap (D:4)
  A gnoll bouda (D:8)
  3 hounds (D:5)
  Natasha (twice) (D:3)
  2 iguanas
  3 orc wizards
  Robin (D:3)
  8 gnolls
  6 adders
  A shadow imp (D:7)
  A white imp (D:8)
  A dart slug (D:4)
  26 orcs
  6 bats
  7 endoplasms
  A giant cockroach (D:3)
  12 goblins
  8 hobgoblins
  8 jackals
  6 quokkas
  8 ball pythons
  4 frilled lizards
  5 kobolds
  9 rats
167 creatures vanquished.

Vanquished Creatures (collateral kills)
  2 yaks (D:8)
2 creatures vanquished.

Grand Total: 169 creatures vanquished

Notes
Turn   | Place    | Note
-------+----------+-------------------------------------------
     0 | D:1      | Kurtz the Octopode Fighter began the quest for the Orb.
     0 | D:1      | Reached XP level 1. HP: 16/16 MP: 1/1
   184 | D:1      | Reached XP level 2. HP: 21/21 MP: 2/2
   353 | D:1      | Reached skill level 3 in Axes
   479 | D:1      | Reached XP level 3. HP: 25/26 MP: 3/3
   892 | D:2      | Reached skill level 4 in Axes
  1019 | D:2      | Reached XP level 4. HP: 15/31 MP: 4/4
  1781 | D:3      | Reached skill level 5 in Axes
  1781 | D:3      | Reached XP level 5. HP: 27/36 MP: 5/5
  2058 | D:3      | Noticed Robin
  2071 | D:3      | Killed Robin
  2117 | D:3      | Noticed Natasha
  2124 | D:3      | Killed Natasha
  2125 | D:3      | Reached skill level 6 in Axes
  2320 | D:3      | Noticed Sigmund
  2327 | D:3      | Killed Sigmund
  2328 | D:3      | Reached skill level 7 in Axes
  2328 | D:3      | Reached XP level 6. HP: 39/42 MP: 6/6
  2415 | D:3      | Noticed Natasha
  2419 | D:3      | Killed Natasha
  2685 | D:4      | Found a shadowy altar of Dithmenos.
  2720 | D:4      | Reached XP level 7. HP: 25/46 MP: 7/7
  2972 | D:4      | Reached skill level 8 in Axes
  3400 | D:5      | Entered Level 5 of the Dungeon
  3668 | D:5      | Found a staircase to the Ecumenical Temple.
  3678 | Temple   | Entered the Ecumenical Temple
  3751 | Temple   | Became a worshipper of Gozag Ym Sagoz the Greedy
  4077 | D:5      | Reached skill level 9 in Axes
  4077 | D:5      | Reached XP level 8. HP: 27/52 MP: 8/8
  4508 | D:5      | You fall into a shaft and drop 3 floors!
  4744 | D:8      | Noticed a yak
  5042 | D:5      | Found an iron altar of Okawaru.
  5634 | D:6      | Reached skill level 1 in Shapeshifting
  5691 | D:6      | Identified the +5 whip "Qudaun" {drain, Contam rCorr Dex+5}
  5948 | D:7      | Reached skill level 5 in Dodging
  6399 | D:7      | Reached skill level 5 in Fighting
  6409 | D:7      | Reached XP level 9. HP: 47/61 MP: 3/9
  6756 | D:7      | Noticed Jeremiah
  7079 | D:8      | Noticed a death yak
  7197 | D:8      | Found Kimeesh's Armour Shop.
  7986 | D:8      | Reached XP level 10. HP: 48/68 MP: 3/10
  8126 | D:8      | Reached skill level 10 in Axes
  8226 | D:8      | Noticed a death yak
  8279 | D:8      | HP: 3/68 [killer bee (6)]
  8513 | D:8      | Found a staircase to the Lair.
  8516 | D:8      | Noticed a death yak
  8550 | D:8      | Slain by a death yak

Illustrated notes

Levels and vault maps discovered:
D:1:      grunt_arrival_crossed_arrows, layout_basic, minivault_27, minivault_24
D:2:      layout_basic
D:3:      layout_basic, uniq_sigmund, uniq_robin, uniq_natasha
D:4:      layout_gridville, lemuel_round_altar
D:5:      kennysheep_big_flooded_room, layout_basic, kennysheep_mini,
          temple_pool_b
D:6:      layout_basic
D:7:      layout_basic, minivault_27, uniq_jeremiah
D:8:      layout_basic, dpeg_lair_monsters, serial_shops,
          nicolae_shop_back_alley_shop, kennysheep_dice
D:9:      layout_basic, general_overflow_altar, evilmike_butchery
Temple:   minmay_temple_bridge_d

Skill      XL: |  1  2  3  4  5  6  7  8  9 10 |
---------------+-------------------------------+-----
Axes           | 3 4 5 7 9 10 | 10.1
Fighting       | 5 6 |  6.0
Dodging        | 5 6 |  6.8
Shapeshifting  | 1 3 |  3.8
Shields        | 4 |  4.9

Action                     |  1- 3 |  4- 6 |  7- 9 | 10-12 || total
---------------------------+-------+-------+-------+-------++-------
  Melee: War axe           |    80 |    38 |       |       ||   118
         Constrict         |    20 |    17 |    42 |     4 ||    83
         Tentacles         |    12 |    24 |    58 |     3 ||    97
         Mace              |       |    51 |   120 |       ||   171
         Punch             |       |     1 |     6 |     1 ||     8
         Hand axe          |       |       |   120 |    17 ||   137
  Throw: Throwing net      |       |       |     1 |       ||     1
         Dart              |       |       |     5 |       ||     5
  Evoke: Wand              |       |       |    16 |       ||    16
    Use: Potion            |       |       |     7 |     5 ||    12
         Scroll            |       |       |     6 |     1 ||     7
   Stab: Sleeping          |    11 |     7 |     2 |       ||    20
         Distracted        |       |     1 |     2 |       ||     3
 Armour: Skin              |    28 |    35 |   111 |    24 ||   198
  Dodge: Dodged            |    43 |    36 |   127 |    25 ||   231
  Block: Buckler           |    17 |    19 |    53 |    11 ||   100
   Form: Beast             |       |       |       |     2 ||     2
                           |       |       |       |     1 ||     1

Table legend: (Time is in decaauts)
 A = Elapsed time spent in this place.
 B = Non-inter-level travel time spent in this place.
 C = Inter-level travel time spent in this place.
 D = Time resting spent in this place.
 E = Time spent auto-exploring this place.
 F = Levels seen in this place.
 G = Mean time per level.
                   A        B        C        D        E       F      G
               +--------+--------+--------+--------+--------+-----+--------+
         Total |   8578 |   7932 |    646 |   1969 |   4361 |  10 |  857.8 |
       Dungeon |   8431 |   7927 |    504 |   1969 |   4361 |   9 |  936.8 |
        Temple |    146 |      4 |    142 |      0 |      0 |   1 |  146.0 |
               +--------+--------+--------+--------+--------+-----+--------+

Top non-repeatable levels by time:
     D:7: 1884 daAuts
     D:8: 1253 daAuts
     D:3: 1207 daAuts
     D:5: 1084 daAuts
     D:2: 758 daAuts
     D:1: 753 daAuts
     D:4: 751 daAuts
     D:6: 730 daAuts
  Temple: 146 daAuts
     D:9: 6 daAuts
